 Dungeon Crawl Stone Soup version 0.16-a0-282-ga87e286 (console) character file.

493 Kellhus the Slasher (level 7, 45/45 HPs)
             Began as a Halfling Fighter on Aug 27, 2014.
             Quit the game on Level 4 of the Dungeon.
             The game lasted 00:06:48 (4133 turns).

Kellhus the Slasher (Halfling Fighter)              Turns: 4133, Time: 00:06:48

HP  45/45        AC 11     Str 16      XL: 7   Next: 37%
MP   7/7         EV  8     Int  7      God:
Gold 146         SH  6     Dex 16      Spells:  0 memorised,  6 levels left

rFire  . . .     SeeInvis .     a - +0 long sword
rCold  . . .     Clarity  .     E - +0 chain mail
rNeg   . . .     rCorr    .     c - +0 buckler
rPois  .         rRot     .     (no helmet)
rElec  .         Spirit   .     (no cloak)
SustAb .         Warding  .     (no gloves)
rMut   .         Stasis   .     (no boots)
Gourm  .                        (no amulet)
MR     .....                    r - ring of regeneration
                                D - +2 ring of protection

@: not resistant to hostile enchantments, extremely unstealthy
A: mutation resistance 1
a: no special abilities


You were on level 4 of the Dungeon.
You were not hungry.

You visited 1 branch of the dungeon, and saw 4 of its levels.

You collected 146 gold pieces.

Inventory:

Hand weapons
 a - a +0 long sword (weapon)
 b - a +0 blowgun
 y - a +0 dagger of venom
 B - a +1 falchion of holy wrath
 C - a +0 flail of protection
Missiles
 z - 5 poisoned needles
Armour
 c - a +0 buckler (worn)
 w - a +2 robe of cold resistance
 x - a +0 scale mail
 E - a +0 chain mail (worn)
Comestibles
 d - 4 bread rations
 g - a beef jerky
 l - 4 meat rations
 u - 3 rotting chunks of orc flesh
 v - 2 fruits
 A - a chunk of goblin flesh
Scrolls
 e - a scroll of blinking
 f - a scroll of amnesia
 i - a scroll of noise {unknown}
 j - a scroll of fog {unknown}
 k - 5 scrolls of identify {unknown}
 m - 2 scrolls of recharging {unknown}
 o - a scroll of fear {unknown}
Jewellery
 p - an uncursed ring of teleportation
 q - a +4 ring of dexterity
 r - a ring of regeneration (right hand)
 D - a +2 ring of protection (left hand)
Potions
 h - 3 potions of brilliance {unknown}
 n - a potion of degeneration {unknown}
 s - 2 potions of restore abilities {unknown}
 t - a potion of mutation {unknown}


   Skills:
 - Level 2.6 Fighting
 + Level 7.5 Long Blades
 - Level 3.2 Armour
 - Level 3.2 Shields


You had 6 spell levels left.
You didn't know any spells.

Dungeon Overview and Level Annotations

Branches:
Dungeon (4/15)
 Temple: D:4-7

Altars:
Makhleb


Innate Abilities, Weirdness & Mutations

You are small and have problems with some larger weapons.
You are somewhat resistant to further mutation.


Message History

You kill the worm!
You see here a worm corpse.
No target in view!
D - a tubular granite ring Put on which piece of jewellery? (? for menu, Esc to quit)
You're wearing all the rings you can.
Remove which one? (? for menu, Esc to cancel) < or
q - a +4 ring of dexterity; > or
r - a ring of regeneration You remove your +4 ring of dexterity.
You feel clumsy.
D - a +2 ring of protection (left hand) Eat one of 2 chunks of goblin flesh? (ye/n/q/i?) This raw flesh tastes terrible.
HP restored.
You continue eating. x2
Things that are here:
a mace; a leather armour; a rotting orc corpse
There is a stone staircase leading down here.
A rat comes into view.
A rat is nearby!
Are you sure you want to abandon this character and quit the game? (Confirm with "yes".)

#..###........................
#.###.........................
#####.........................
#.......................... ##
#..........................
#.##.........................(
#.#...........................
#.#...........................
#............@................
##......).....................
###............................
###.............................#
#................................
...........r.....................
....)...(...................###..
..........................### ##.
#######.............#.##### ##


You could see a rat (wandering).

Vanquished Creatures
  5 orc priests
  4 orc wizards
  2 worker ants (D:4)
  5 adders
  4 worms
  2 giant geckos
  An ooze (D:2)
  30 orcs
  A ball python (D:3)
  7 bats
  5 giant cockroaches
  10 goblins
  7 hobgoblins
  3 jackals
  11 kobolds
  A quokka (D:3)
  2 giant newts
  A jackal skeleton (D:4)
  A quokka skeleton (D:4)
  8 rats
110 creatures vanquished.

Notes
Turn   | Place    | Note
--------------------------------------------------------------
     0 | D:1      | Kellhus, the Halfling Fighter, began the quest for the Orb.
     0 | D:1      | Reached XP level 1. HP: 15/15 MP: 1/1
   182 | D:1      | Reached XP level 2. HP: 18/20 MP: 2/2
   633 | D:1      | Reached XP level 3. HP: 7/25 MP: 3/3
  1004 | D:2      | Reached skill level 4 in Long Blades
  1004 | D:2      | Reached XP level 4. HP: 26/30 MP: 4/4
  2060 | D:3      | Reached XP level 5. HP: 18/35 MP: 5/5
  2127 | D:3      | Reached skill level 5 in Long Blades
  2586 | D:3      | Reached XP level 6. HP: 41/41 MP: 6/6
  2622 | D:3      | Reached skill level 6 in Long Blades
  2647 | D:3      | Found a burning altar of Makhleb.
  3284 | D:3      | Reached XP level 7. HP: 24/45 MP: 7/7
  3361 | D:4      | Reached skill level 7 in Long Blades
  4133 | D:4      | Quit the game

Action                   |  1- 3 |  4- 6 |  7- 9 || total
-------------------------+-------+-------+-------++-------
Melee: Long sword        |    82 |   284 |    75 ||   441
  Use: Scroll            |     3 |       |       ||     3
       Potion            |     2 |       |       ||     2
  Eat: Chunk             |       |     9 |     4 ||    13
